 Dungeon Crawl Stone Soup version 0.20-a0-940-g1ecfa5a (webtiles) character file.

34 JeffiDaFish the Sneak (level 3, -6/34 HPs)
             Began as a Ghoul Monk on Mar 31, 2017.
             Mangled by a worm (10 damage)
             ... on level 2 of the Dungeon.
             The game lasted 00:02:42 (1575 turns).

JeffiDaFish the Sneak (Ghoul Monk)                  Turns: 1575, Time: 00:02:43

Health: -6/34      AC:  3    Str: 11 (14) XL:     3   Next: 31%
Magic:  0/2        EV: 16    Int:  3 (5)  God:
Gold:   73         SH:  0    Dex:  9 (12) Spells: 2/2 levels left

rFire    . . .     SeeInvis +   d - +0 dagger
rCold    + . .     Gourm    .   (no shield)
rNeg     + + +     Faith    .   a - +1 robe
rPois    ∞         Spirit   +   (no helmet)
rElec    .         Reflect  .   (no cloak)
rCorr    .         Harm     .   (no gloves)
MR       .....                  (no boots)
Stlth    +++.......             c - amulet of guardian spirit
Regen    0.0/turn               i - ring of see invisible
MPRegen  0.1/turn               k - +3 ring of evasion

@: rotting
A: rotting body, claws 1, carnivore 3, cold resistance 1, negative energy
resistance 3, inhibited regeneration, torment resistance, unbreathing
a: no special abilities


You were on level 2 of the Dungeon.
You were not hungry.

You visited 1 branch of the dungeon, and saw 2 of its levels.

You collected 73 gold pieces.

Inventory:

Hand Weapons
 d - a +0 dagger (weapon)
Armour
 a - a +1 robe (worn)
Jewellery
 c - an amulet of guardian spirit (around neck)
 i - a ring of see invisible (left claw)
 k - a +3 ring of evasion (right claw)
 m - a +3 ring of dexterity {unknown}
Scrolls
 f - 2 scrolls of remove curse
 j - 2 scrolls of teleportation
Potions
 e - a potion of mutation
 h - a potion of lignification
Comestibles
 b - a meat ration
 g - a royal jelly


   Skills:
 + Level 4.6 Fighting
 + Level 0.3 Short Blades
 + Level 3.9 Dodging
 + Level 5.0 Stealth


You had 2 spell levels left.
You didn't know any spells.

Dungeon Overview and Level Annotations

Branches:
Dungeon (2/15)

Altars:


Innate Abilities, Weirdness & Mutations

Your body is rotting away.
You thrive on raw meat.
You are immune to poison.
You have sharp fingernails.
You are carnivorous and can eat meat at any time.
Your flesh is cold resistant. (rC+)
You are immune to negative energy. (rN+++)
You do not regenerate when monsters are visible.
You are immune to unholy pain and torment.
You can survive without breathing.


Message History

You hit the worm but do no damage.
The worm is moderately wounded.
You barely miss the worm.
The worm is moderately wounded.
The worm bites you!
* * * LOW HITPOINT WARNING * * *
You barely miss the worm.
The worm is moderately wounded.
You barely miss the worm.
The worm is moderately wounded.
The worm barely misses you.
You barely miss the worm.
The worm is lightly wounded.
The worm misses you.
You hit the worm.
The worm is moderately wounded.
You hit the worm but do no damage.
The worm is moderately wounded.
The worm bites you!
You die...

###................
##......###.........
#.......# #.........
##.......###...######
.###....!...##..###
.$.. #......##.##
.....#.........#
#...w.....###
####@.>#### #))....#
#..##.#....# .....
#....#.# ....#..
.###...>. ..# ..##.
...... # ..# #.
...... .## ## ######
..


You could see a worm.

Vanquished Creatures
  An ooze (D:2)
  A dart slug (D:1)
  A leopard gecko (D:2)
  3 giant cockroaches
  4 goblins (D:1)
  4 hobgoblins
  4 jackals (D:1)
  A ball python (D:1)
  A bat (D:1)
  2 frilled lizards (D:1)
  2 rats (D:1)
24 creatures vanquished.

Notes
Turn   | Place    | Note
-------+----------+-------------------------------------------
     0 | D:1      | JeffiDaFish the Ghoul Monk began the quest for the Orb.
     0 | D:1      | Reached XP level 1. HP: 22/22 MP: 0/0
   265 | D:1      | Reached XP level 2. HP: 22/28 MP: 1/1
  1513 | D:2      | Reached skill level 5 in Stealth
  1513 | D:2      | Reached XP level 3. HP: 34/34 MP: 2/2
  1575 | D:2      | Mangled by a worm

Vault maps used:
D:1:      lightli_arrival_farm, roderic_lattice_a, minmay_pentomino_q2
D:2:      cheibriados_altar_1, minmay_surrounded

Skill      XL: |  1  2 |
---------------+-------+-----
Stealth        | 5 |  5.0
Fighting       | |  4.6
Short Blades   | |  0.3
Dodging        | |  3.9

Action                   || total
-------------------------++-------
Melee: Dagger            ||   143
  Use: Scroll            ||     4
       Potion            ||     4
 Stab: Sleeping          ||     7
       Distracted        ||     1
  Eat: Chunk             ||     5
Armor: Robe              ||    11
Dodge: Dodged            ||    92
